 Dungeon Crawl Stone Soup version 0.29-a0-234-g0dae59b3db (webtiles) character file.

Game seed: 6078738107459636633

95 enile the Cudgeller (level 4, 0/38 HPs)
             Began as a Demigod Wanderer on Mar 3, 2022.
             Blown up by a kobold (18 damage)
             ... with a mindburst bolt
             ... on level 3 of the Dungeon.
             The game lasted 00:04:38 (3461 turns).

enile the Cudgeller (Demigod Wanderer)              Turns: 3461, Time: 00:04:39

Health: 0/38       AC:  6    Str: 20 (21) XL:     4   Next: 17%
Magic:  9/9        EV: 11    Int: 16      God:
Gold:   161        SH:  0    Dex: 11 (13) Spells: 5/6 levels left

rFire   . . .      SeeInvis .   a - +3 mace
rCold   . . .      Faith    .   (no shield)
rNeg    . . .      Spirit   .   b - +0 robe
rPois   .          Reflect  .   (no helmet)
rElec   .          Harm     .   (no cloak)
rCorr   .          Rampage  .   (no gloves)
Will    .....                   (no boots)
Stlth   +.........              (no amulet)
HPRegen 0.12/turn               f - +6 ring of strength
MPRegen 0.11/turn               m - +4 ring of protection

@: no status effects
A: high MP 1, forlorn, divine attributes
a: no special abilities


You were on level 3 of the Dungeon.
You visited 1 branch of the dungeon, and saw 3 of its levels.

You collected 161 gold pieces.

Inventory:

Hand Weapons
 a - a +3 mace (weapon)
 o - a +0 quarterstaff
Armour
 b - a +0 robe (worn)
 h - an orb of energy
Jewellery
 f - a +6 ring of strength (left hand)
 m - a +4 ring of protection (right hand)
 n - a ring of ice
Scrolls
 d - a scroll of enchant armour {unknown}
 e - a scroll of blinking {unknown}
 k - a scroll of enchant weapon {unknown}
Potions
 c - a potion of degeneration
 i - a potion of invisibility
 j - a potion of flight {unknown}
 l - a potion of ambrosia


   Skills:
 - Level 3.0 Fighting
 - Level 4.5 Maces & Flails
 + Level 2.6 Armour
 - Level 1.7 Spellcasting
 - Level 1.0 Translocations


You had 5 spell levels left.
You knew the following spells:

 Your Spells              Type           Power      Damage    Failure   Level
a - Apportation           Tloc           8%         N/A       14%         1

Your spell library contained the following spells:

 Spells                   Type           Power      Damage    Failure   Level
 Teleport Other           Tloc           4%         N/A       38%         3
 Dazzling Flash           Conj/Hex       2%         N/A       54%         3
 Iskenderun's Mystic Bla  Conj/Tloc      3%         2d3       86%         4
 Starburst                Conj/Fire      0%         6d3       100%        6


Dungeon Overview and Level Annotations

Branches:
Dungeon (3/15)


Innate Abilities, Weirdness & Mutations

You have an increased reservoir of magic. (+10% MP)
You shall have no god before yourself.
Your divine heritage dramatically boosts your attributes as you level up.


Message History

The adder is severely wounded.
The adder bites you but does no damage. The adder barely misses you.
You hit the adder.
The adder is severely wounded.
The adder closely misses you. The adder bites you but does no damage.
You sock the adder!
You kill the adder!
You feel your strength returning.
No target in view!
No target in view!
No target in view!
No target in view!
You now have 155 gold pieces (gained 10).
You now have 161 gold pieces (gained 6).
Found a stone staircase leading up.
A kobold comes into view.
It is wielding a +0 flail and carrying a wand of mindburst (19).
A kobold is nearby!
A kobold is nearby!
The kobold shouts!
The kobold zaps a wand.
Your mind is blasted!
Ouch! That really hurt!
You are too injured to fight recklessly!
You are too injured to fight recklessly!
You are too injured to fight recklessly!
You are too injured to fight recklessly!
You are too injured to fight recklessly!
Press: ? - help, v - describe, . - travel
Here: a kobold, wielding a +0 flail, wearing an amulet of faith, quivering stones and carrying a wand of mindburst (18)
The floor.
Press: ? - help, v - describe, . - travel
Here: a kobold, wielding a +0 flail, wearing an amulet of faith, quivering stones and carrying a wand of mindburst (18)
The floor.
Throw: throwing net
Press: ? - help, Q - select action, (/) - cycle Shift-Dir - straight line, f - kobold
Aim: a kobold, wielding a +0 flail, wearing an amulet of faith, quivering stones and carrying a wand of mindburst (18) (47% to hit)
You throw a throwing net. The throwing net hits the kobold.
The kobold is caught in the net!
The kobold struggles against the net.
The kobold zaps a wand.
Your mind is blasted!
You die...

#........####.######
#.######............
#.# #####...#####
####.##### #.....#
#........# ##...##
#.##.###.# ##.## #
#.#.# .# #.#
#.##.###.# #.#
#.....@..# #+#
####K##### #.# .K.
##... #.... #.....
#.#.#.# ......#


You could see a kobold (caught).

Vanquished Creatures
  Jessica (D:2)
  2 adders
  A worm (D:2)
  An endoplasm (D:1)
  2 giant cockroaches
  2 goblins
  11 hobgoblins
  8 jackals (D:1)
  3 quokkas
  A ball python (D:1)
  3 bats
  4 frilled lizards
  A kobold (D:1)
  5 rats
45 creatures vanquished.

Notes
Turn   | Place    | Note
-------+----------+-------------------------------------------
     0 | D:1      | enile the Demigod Wanderer began the quest for the Orb.
     0 | D:1      | enile set off with the following items: a +3 mace, a +0
                  | robe; and the following spell memorised: Apportation; and
                  | the following spells available to memorise: Teleport Other
     0 | D:1      | Reached XP level 1. HP: 16/16 MP: 5/5
   306 | D:1      | Reached XP level 2. HP: 21/24 MP: 7/7
  1515 | D:2      | Reached XP level 3. HP: 25/30 MP: 8/8
  2096 | D:2      | Noticed Jessica
  2972 | D:2      | Killed Jessica
  2973 | D:2      | Reached XP level 4. HP: 38/38 MP: 9/9
  3461 | D:3      | Blown up by a kobold

Illustrated notes

Levels and vault maps discovered:
D:1:      heliophobic_arrival_henge, layout_basic, serial_rivers,
          chequers_serial_rivers_room_a, chequers_serial_rivers_micro_a,
          chequers_serial_rivers_small_b, chequers_serial_rivers_small_3,
          chequers_serial_rivers_micro_d, chequers_serial_rivers_micro_e,
          ebering_ecumenical_altar_rust, corner_web_ring,
          chequers_serial_rivers_micro_d
D:2:      layout_basic, uniq_jessica
D:3:      layout_loops_corners, serial_glass, glass_columns_a, glass_columns_a

Skill      XL: |  1  2  3 |
---------------+----------+-----
Fighting       | 2 3 |  3.0
Armour         | 2 |  2.6
Maces & Flails | |  4.5
Spellcasting   | |  1.7
Translocations | |  1.0

Action                   |  1- 3 |  4- 6 || total
-------------------------+-------+-------++-------
Melee: Mace              |   116 |    10 ||   126
       Punch             |     1 |       ||     1
Throw: Throwing net      |     1 |     1 ||     2
  Use: Potion            |     7 |       ||     7
       Scroll            |     4 |       ||     4
 Stab: Sleeping          |     1 |       ||     1
Armor: Robe              |    32 |     6 ||    38
Dodge: Dodged            |   101 |     5 ||   106

Table legend: (Time is in decaauts)
 A = Elapsed time spent in this place.
 B = Non-inter-level travel time spent in this place.
 C = Inter-level travel time spent in this place.
 D = Time resting spent in this place.
 E = Time spent auto-exploring this place.
 F = Levels seen in this place.
 G = Mean time per level.
                   A        B        C        D        E       F      G
               +--------+--------+--------+--------+--------+-----+--------+
         Total |   3470 |   3341 |    129 |    361 |   2547 |   3 | 1156.7 |
       Dungeon |   3470 |   3341 |    129 |    361 |   2547 |   3 | 1156.7 |
               +--------+--------+--------+--------+--------+-----+--------+

Top non-repeatable levels by time:
     D:1: 1691 daAuts
     D:2: 1360 daAuts
     D:3: 418 daAuts
